 Dungeon Crawl Stone Soup version 0.31-a0-818-ge7c7cf74f0 (webtiles) character file.

Game seed: 2634303970377229888

133 CowFu the Slasher (level 4, -1/39 HPs)
             Began as a Minotaur Fighter on Sept 22, 2023.
             Succumbed to an adder's poison
             ... on level 3 of the Dungeon.
             The game lasted 00:01:50 (1536 turns).

CowFu the Slasher (Minotaur Fighter)                Turns: 1536, Time: 00:01:51

Health: -1/39      AC: 11    Str: 23    XL:     4   Next: 93%
Magic:  3/3        EV:  9    Int:  5    God:
Gold:   80         SH:  4    Dex:  9    Spells: 3/3 levels left

rFire   . . .        a - +0 long sword
rCold   . . .        c - +0 buckler
rNeg    . . .        b - +0 scale mail
rPois   .            (helmet currently unavailable)
rElec   .            (cloak currently unavailable)
rCorr   .            (gloves currently unavailable)
SInv    .            (boots currently unavailable)
Will    .....        (no amulet) Stlth
                     (no ring)
HPRegen 0.26/turn    (no ring)
MPRegen 0.08/turn

%: no passive effects
@: mighty, lethally poisoned (-1 -> -7), beast-form
A: beast (slay +0), horns 2, retaliatory headbutt, iridescent scales 2, shaggy
fur 1
a: Begin Untransformation


You were on level 3 of the Dungeon.
You were a hulking beast.
You visited 1 branch of the dungeon, and saw 3 of its levels.

You collected 80 gold pieces.

Inventory:

Hand Weapons
 a - a +0 long sword (weapon)
Missiles
 g - a throwing net
Armour
 b - a +0 scale mail (worn)
 c - a +0 buckler (worn)
 l - a +0 pair of boots
Jewellery
 n - a +4 ring of protection
Talismans
 j - a beast talisman (active)
Scrolls
 e - 3 scrolls of poison {unknown}
 f - a scroll of enchant weapon {unknown}
 k - 2 scrolls of identify {unknown}
Potions
 i - a potion of cancellation {unknown}
 m - a potion of curing {unknown}


   Skills:
 - Level 3.6 Fighting
 + Level 6.3 Long Blades
 - Level 3.6 Armour
 - Level 3.6 Shields


You had 3 spell levels left.
You didn't know any spells.
Your spell library contained the following spells:

 Spells                   Type           Power      Damage    Failure   Level
 Apportation              Tloc           0%         N/A       85%         1
 Necrotise                Necr           0%         1d4       85%         1
 Summon Small Mammal      Summ           0%         N/A       85%         1


Dungeon Overview and Level Annotations

Branches:
Dungeon (3/15)

Altars:


Innate Abilities, Weirdness & Mutations

You are a hulking beast.
Your limbs bulge with bestial killing power. (Slay +0)
You have a pair of horns on your head.
You reflexively headbutt those who attack you in melee.
You are mostly covered in iridescent scales. (AC +4)
You are covered in fur. (AC +1)


Message History

No target in view!
Found a scale mail.
No target in view!
An adder comes into view.
Found a scale mail.
The adder hisses angrily.
An ogre comes into view. It is wielding a +0 giant club.
The ogre shouts!
There are monsters nearby!
There are monsters nearby!
Okay, then.
You closely miss the adder. Your headbutt misses the adder.
The adder bites you. The adder misses you.
You feel very mighty all of a sudden. The adder bites you.
The ogre hits you with a +0 giant club!!
Ouch! That really hurt!
* * * LOW HITPOINT WARNING * * *
You miss the adder. The adder bites you.
* * * LOW HITPOINT WARNING * * *
The adder barely misses you.
You barely miss the ogre. You headbutt the ogre!!
The ogre is severely wounded.
The ogre completely misses you. You block the adder's attack. x2
You slash the ogre!
You kill the ogre!
The adder barely misses you.
Your Long Blades skill gained 2 levels and is now at level 6!
You have reached level 4!
You feel stronger.
You closely miss the adder. Your headbutt misses the adder.
The adder closely misses you. The adder bites you.
* * * LOW HITPOINT WARNING * * *
You are lethally poisoned!
The adder poisons you!
It was a potion of mutation.
You feel extremely strange. Fur sprouts all over your body.
Iridescent scales grow over part of your body.
Iridescent scales spread over more of your body.
You die...

##..# #.##
#..## #..##
#.## ##..#
#.# ##.# #.#
#.### #.#
##...## . #.#
##..<..#..#
#.#
#.....(..##
#.#
#..h......?#
#.#
#..S)....#.#
#.#
##.......[...
#.#
..........#.
#.#
........##.#
#<#
##..[....# ..
#.# #.......#
#.# .......##
#.#


You could see an adder.

Vanquished Creatures
  An ogre (D:3)
  A worm (D:3)
  A dart slug (D:2)
  3 orcs (D:2)
  3 ball pythons
  5 bats
  2 endoplasms
  2 giant cockroaches
  2 goblins (D:2)
  7 hobgoblins
  3 jackals (D:2)
  6 kobolds
  5 rats
41 creatures vanquished.

Notes
Turn   | Place    | Note
-------+----------+-------------------------------------------
     0 | D:1      | CowFu the Minotaur Fighter began the quest for the Orb.
     0 | D:1      | Reached XP level 1. HP: 19/19 MP: 0/0
   155 | D:1      | Reached skill level 3 in Long Blades
   166 | D:1      | Reached XP level 2. HP: 26/26 MP: 1/1
   708 | D:2      | Reached skill level 4 in Long Blades
   829 | D:2      | Reached XP level 3. HP: 30/31 MP: 2/2
  1527 | D:3      | Noticed an ogre
  1532 | D:3      | HP: 1/31 [adder (3)]
  1534 | D:3      | Killed an ogre
  1535 | D:3      | Reached skill level 6 in Long Blades
  1535 | D:3      | Reached XP level 4. HP: 2/39 MP: 3/3
  1536 | D:3      | Gained mutation: You are covered in fur. (AC +1) [potion of
                  | mutation]
  1536 | D:3      | Gained mutation: You are partially covered in iridescent
                  | scales. (AC +2) [potion of mutation]
  1536 | D:3      | Gained mutation: You are mostly covered in iridescent
                  | scales. (AC +4) [potion of mutation]
  1536 | D:3      | Succumbed to an adder's poison

Illustrated notes

Levels and vault maps discovered:
D:1:      nzn_arrival_depleted_hourglass, layout_rooms
D:2:      layout_basic, nrook_mini_backslash, guppyfry_early_orc_mine
D:3:      layout_rooms, serial_shops, shop

Skill      XL: |  1  2  3 |
---------------+----------+-----
Long Blades    | 3 4 6 |  6.3
Fighting       | |  3.6
Armour         | |  3.6
Shields        | |  3.6

Action                     |  1- 3 |  4- 6 || total
---------------------------+-------+-------++-------
  Melee: Long sword        |    82 |     1 ||    83
         Headbutt          |    17 |       ||    17
    Use: Potion            |     1 |     1 ||     2
 Armour: Scale mail        |    45 |     1 ||    46
  Dodge: Dodged            |    45 |     1 ||    46
  Block: Buckler           |    23 |       ||    23
   Form: Beast             |     1 |       ||     1

Table legend: (Time is in decaauts)
 A = Elapsed time spent in this place.
 B = Non-inter-level travel time spent in this place.
 C = Inter-level travel time spent in this place.
 D = Time resting spent in this place.
 E = Time spent auto-exploring this place.
 F = Levels seen in this place.
 G = Mean time per level.
                   A        B        C        D        E       F      G
               +--------+--------+--------+--------+--------+-----+--------+
         Total |   1554 |   1432 |    122 |      0 |   1174 |   3 |  518.0 |
       Dungeon |   1554 |   1432 |    122 |      0 |   1174 |   3 |  518.0 |
               +--------+--------+--------+--------+--------+-----+--------+

Top non-repeatable levels by time:
     D:2: 986 daAuts
     D:1: 503 daAuts
     D:3: 63 daAuts
